 Dungeon Crawl Stone Soup version 0.19-a0-1128-gc4a0c12 (webtiles) character file.

4799 rjrrt the Archer (level 10, -1/88 HPs)
             Began as a Centaur Berserker on Aug 12, 2016.
             Was an Elder of Trog.
             Splashed by an oklob plant's acid (15 damage)
             ... on level 1 of the Lair of Beasts.
             The game lasted 00:20:35 (9132 turns).

rjrrt the Archer (Centaur Berserker)                Turns: 9132, Time: 00:20:35

Health: -1/88      AC:  2    Str: 24    XL:     10   Next: 24%
Magic:  0/10       EV:  8    Int:  6    God:    Trog [****..]
Gold:   562        SH:  0    Dex:  8    Spells: 0 memorised, 9 levels left

rFire  . . .     SeeInvis .     a - +1 trident
rCold  . . .     Gourm    .     A - +0 scale mail
rNeg   . . .     Faith    .     (no shield)
rPois  .         Spirit   +     s - +0 helmet (curse)
rElec  .         Dismiss  .     (no cloak)
rCorr  .         Reflect  .     C - +1 pair of gloves
SustAt .         Harm     .     (no barding)
MR     .....                    m - amulet of guardian spirit
Stlth  ..........               (no ring)
                                (no ring)

@: corroded, very quick
A: hooves 3, deformed body, speed 2, tough skin 3
a: Berserk, Trog's Hand, Brothers in Arms, Burn Spellbooks, Renounce Religion


You were on level 1 of the Lair of Beasts.
You worshipped Trog.
Trog was greatly pleased with you.
You were not hungry.

You visited 3 branches of the dungeon, and saw 11 of its levels.

You collected 562 gold pieces.

Inventory:

Hand Weapons
 a - a +1 trident (weapon)
 b - a +2 longbow of flaming
Missiles
 f - 9 javelins (quivered)
 t - 135 arrows
Armour
 s - a cursed +0 helmet (worn)
 A - a +0 scale mail (worn)
 C - a +1 pair of gloves (worn)
Jewellery
 m - an amulet of guardian spirit (around neck)
Wands
 l - a wand of polymorph (17/24)
 y - a wand of disintegration (11/24)
Scrolls
 h - 4 scrolls of remove curse
 o - 2 scrolls of blinking
 p - 2 scrolls of teleportation
Potions
 e - 3 potions of cure mutation
 i - a potion of heal wounds
 r - 6 potions of curing
 u - a potion of might
 w - a potion of flight
 z - 2 potions of cancellation
Comestibles
 c - 2 bread rations
 d - 10 royal jellies
 j - 3 beef jerkies
 k - 5 meat rations


   Skills:
 + Level 8.0 Fighting
 - Level 5.2 Polearms
 * Level 13.2 Bows
 + Level 4.4 Armour
 - Level 2.3 Dodging


You had 9 spell levels left.
You didn't know any spells.

Dungeon Overview and Level Annotations

Branches:
Dungeon (9/15)             Temple (1/1) D:4            Lair (1/6) D:9
    Orc: D:9-12

Altars:
Ashenzari
Cheibriados
Dithmenos
Elyvilon
Fedhas
Gozag
Makhleb
Nemelex Xobeh
Pakellas
Qazlal
Ru
Sif Muna
Trog
Uskayaw
Vehumet
The Shining One

Shops:
D:9 :

Annotations:
Lair:1 exclusion: oklob plant


Innate Abilities, Weirdness & Mutations

You have hooves in place of feet.
Armour fits poorly on your strangely shaped body.
You cover ground very quickly.
You have extremely tough skin. (AC +3)


Message History

Press: ? - help, Dir - move target cursor, f/p - oklob plant
Aim: an oklob plant Attack!
Your two-headed ogre rages.
The oklob plant spits acid at you. The splash of acid hits you!
The acid corrodes you!
The acid burns!
The oklob plant spits acid at you. The splash of acid hits you!
* * * LOW HITPOINT WARNING * * *
The acid burns!
* * * LOW HITPOINT WARNING * * *
There is a staircase back to the Dungeon here.
Unknown command.
You feel much better.
Unknown command.
The oklob plant spits acid at you. The splash of acid hits you!
* * * LOW HITPOINT WARNING * * *
The acid burns!
You die...

.# # #.# #P#..#
..#..## P.)..###
PPP...#### .
PPP?.....###..
...PPP.@.........
#.........O....
#...##.........
#... ####......
...## ###... ...#
## ...# ...


You could see an oklob plant and a friendly two-headed ogre (berserk).

Vanquished Creatures
  Prince Ribbit (D:5)
  The ghost of weedlayer the Gusty, an amateur HEAE of Vehumet (D:4)
  A wyvern (D:8)
  2 sky beasts
  3 orc warriors
  An ice beast (D:8)
  3 phantoms
  7 ogres
  A black bear (D:8)
  3 centaurs
  A big kobold (D:8)
  3 giant frogs
  2 scorpions (D:8)
  12 killer bees
  A howler monkey (D:7)
  A crimson imp (D:7)
  3 giant frog zombies
  6 hounds
  6 jellies
  4 orc priests
  8 orc wizards
  2 centaur skeletons
  2 giant frog skeletons
  3 iguanas
  6 worker ants
  Natasha (thrice) (D:3)
  2 hound skeletons
  2 howler monkey zombies
  7 gnolls
  12 adders
  2 shadow imps
  6 oozes
  An adder zombie (D:9)
  2 dart slugs (D:1)
  5 giant geckos
  34 orcs
  2 ball pythons
  4 giant cockroaches
  8 goblins
  6 hobgoblins
  17 jackals
  12 kobolds
  3 quokkas
  2 bats (D:2)
  A giant gecko skeleton (D:5)
  4 giant newts (D:1)
  A quokka skeleton (D:7)
  2 quokka zombies
  7 rats
  A bush (D:8)
229 creatures vanquished.

Vanquished Creatures (others)
  A plant (D:8)
1 creature vanquished.

Grand Total: 230 creatures vanquished

Notes
Turn   | Place    | Note
-------+----------+-------------------------------------------
     0 | D:1      | rjrrt the Centaur Berserker began the quest for the Orb.
     0 | D:1      | Reached XP level 1. HP: 19/19 MP: 1/1
    71 | D:1      | Reached XP level 2. HP: 26/26 MP: 2/2
   355 | D:1      | Reached XP level 3. HP: 20/31 MP: 3/3
   369 | D:1      | Reached ** piety under Trog
  1151 | D:2      | Reached XP level 4. HP: 27/38 MP: 4/4
  1992 | D:3      | Reached XP level 5. HP: 44/46 MP: 5/5
  2172 | D:3      | Found a shattered altar of Ashenzari.
  2191 | D:3      | Reached *** piety under Trog
  2452 | D:3      | Noticed Natasha
  2468 | D:3      | Killed Natasha
  2826 | D:3      | Noticed Natasha
  2836 | D:3      | Killed Natasha
  2895 | D:3      | Noticed Natasha
  2902 | D:3      | Killed Natasha
  3019 | D:4      | Noticed weedlayer's ghost (amateur HEAE)
  3021 | D:4      | Reached XP level 6. HP: 49/53 MP: 6/6
  3032 | D:4      | Killed weedlayer's ghost
  3084 | D:4      | Found a staircase to the Ecumenical Temple.
  3113 | Temple   | Entered the Ecumenical Temple
  3234 | D:4      | Reached skill level 5 in Fighting
  3325 | D:4      | Reached XP level 7. HP: 58/61 MP: 7/7
  3614 | D:4      | Reached skill level 5 in Polearms
  3913 | D:5      | Entered Level 5 of the Dungeon
  3993 | D:5      | Reached skill level 1 in Bows
  4051 | D:5      | Reached skill level 2 in Bows
  4053 | D:5      | Reached skill level 3 in Bows
  4106 | D:5      | Reached skill level 4 in Bows
  4106 | D:5      | Reached XP level 8. HP: 32/70 MP: 8/8
  4318 | D:5      | Noticed Prince Ribbit
  4335 | D:5      | Killed Prince Ribbit
  4335 | D:5      | Reached skill level 6 in Bows
  4370 | D:5      | Reached skill level 7 in Bows
  4561 | D:5      | Reached **** piety under Trog
  4643 | D:5      | Reached skill level 8 in Bows
  4912 | D:6      | Reached skill level 9 in Bows
  5501 | D:6      | Reached skill level 10 in Bows
  5501 | D:6      | Reached XP level 9. HP: 70/75 MP: 9/9
  5782 | D:6      | Received a gift from Trog
  6245 | D:7      | Received a gift from Trog
  6381 | D:7      | Reached skill level 11 in Bows
  6932 | D:7      | Received a gift from Trog
  7109 | D:8      | Reached skill level 12 in Bows
  7411 | D:8      | Found a burning altar of Makhleb.
  7415 | D:8      | Found a bloodstained altar of Trog.
  7461 | D:8      | Found a sparkling altar of Nemelex Xobeh.
  7824 | D:8      | Reached ***** piety under Trog
  7826 | D:8      | Reached XP level 10. HP: 76/88 MP: 10/10
  7911 | D:8      | Found a deep blue altar of Sif Muna.
  7997 | D:8      | Received a gift from Trog
  8473 | D:9      | Found Xipti's Book Boutique.
  8502 | D:9      | Reached skill level 13 in Bows
  8993 | D:9      | Found a staircase to the Lair.
  9115 | Lair:1   | Entered Level 1 of the Lair of Beasts
  9115 | Lair:1   | Noticed an oklob plant
  9132 | Lair:1   | Splashed by an oklob plant's acid

Vault maps used:
D:1:      eino_arrival_cavern_a
D:2:      first_bread, st_stairs_8, minmay_door_square
D:3:      ashenzari_conservatory_becter, uniq_natasha
D:5:      uniq_prince_ribbit1
D:8:      old_standard_altar, gammafunk_temple_overflow_forgotten
D:9:      lair_0_dummy, serial_shops, nicolae_shop_crystal,
          hangedman_little_slice_of_home
Temple:   minmay_crystal_spiral_temple
Lair:1:   minmay_lair_oklob_bushes

Skill      XL: |  1  2  3  4  5  6  7  8  9 10 |
---------------+-------------------------------+-----
Polearms       | 3 4 5 |  5.2
Dodging        | 2 |  2.3
Armour         | 2 3 4 |  4.4
Fighting       | 4 5 6 7 8 |  8.0
Bows           | 4 10 12 13 | 13.2

Action                   |  1- 3 |  4- 6 |  7- 9 | 10-12 || total
-------------------------+-------+-------+-------+-------++-------
Melee: Spear             |   135 |   142 |       |       ||   277
       Kick              |    18 |    31 |   126 |    35 ||   210
       Trident           |       |    49 |   497 |   147 ||   693
 Fire: Shortbow          |       |       |    52 |       ||    52
       Longbow           |       |       |       |    12 ||    12
Throw: Javelin           |       |     5 |     6 |       ||    11
Invok: Berserk           |       |     1 |     9 |     1 ||    11
       Burn Spellbooks   |       |       |     1 |     1 ||     2
       Brothers in Arms  |       |       |       |     1 ||     1
  Use: Scroll            |       |    13 |     6 |     4 ||    23
       Potion            |       |       |     3 |     1 ||     4
  Eat: Chunk             |       |     7 |    19 |     3 ||    29
       Royal jelly       |       |       |     1 |       ||     1
       Fruit             |       |       |       |     5 ||     5
Armor: Animal skin       |    37 |    19 |       |       ||    56
       Chain mail        |       |    17 |       |       ||    17
       Ring mail         |       |    21 |    49 |       ||    70
       Scale mail        |       |       |   130 |    95 ||   225
Dodge: Dodged            |    40 |    54 |   143 |    74 ||   311
